cohdb
Replays
Latest Replays
All Replays
Popular Replays
Top Player Replays
Match Explorer
How It Works
Community
CoH3 Stats
Reddit
Sign in to upload your games and track your stats! →
Sign in with Steam
Trash talker has map hacks (shocked)
Match 37094521
Overview
Messages
Build Orders
End
Engineer Squad
Construct Barracks
Selects Advanced Infantry Battlegroup
Riflemen Squad
M1 Mortar Team
Riflemen Squad
Grenade Package
Construct Medical Station
Infantry Support Center
Selects Convert to Ranger Squad
Convert to Ranger Squad
Selects Frontline Medical Station
Convert to Ranger Squad
Construct Motor Pool
M24 Chaffee Light Tank
Frontline Medical Station
Selects Infantry Assault
Selects Ammunition Storage
Selects M2A1 105mm Howitzer Emplacement
Construct Tank Depot
Advanced Logistics
k.twenty CZ
NaDa
一杆大长枪
Elite_1650
dominguezpersantiago
Uwe Berger
0
0
Comments
sign in to comment!
No comments posted yet!